Get step-by-step instructions on how to execute this build order below. Start the game timer, and the build order will tick by so you can play in parallel with StarCraft on a second screen or mobile device.

Game Time

  0:00

Last Step

  N/A

Next Step

Upcoming Step



Don't want to look back and forth between 2 screens? Try out our Overwolf App, the Spawning Tool Build Advisor to get an in-game overlay with this build!

Complete Build Order

  12  0:01  Probe (Chrono Boost)  
  13  0:11  Probe (Chrono Boost)  
  14  0:18  Pylon  
  14  0:22  Probe (Chrono Boost)  
  15  0:36  Probe (Chrono Boost)  
  15  0:38  Gateway  
  16  0:47  Probe (Chrono Boost)  
  17  1:01  Probe (Chrono Boost)  
  18  1:16  Nexus  
  18  1:20  Probe (Chrono Boost)  
  19  1:33  Assimilator  
  19  1:35  Cybernetics Core  
  19  1:37  Probe (Chrono Boost)  
  20  1:44  Assimilator  
  20  1:47  Probe (Chrono Boost)  
  21  1:58  Probe (Chrono Boost)  
  22  2:08  Probe (Chrono Boost)  
  22  2:10  Pylon  
  22  2:13  Warp Gate (Chrono Boost)  
  23  2:27  Adept  
  23  2:29  Probe  
  26  2:32  Probe  
  27  2:42  Probe  
  28  2:48  Robotics Facility  
  28  2:53  Assimilator  
  28  2:56  Pylon  
  28  3:03  Probe  
  28  3:04  Probe  
  30  3:14  Probe  
  30  3:16  Probe  
  32  3:22  Twilight Council  
  32  3:24  Probe  
  33  3:38  Gateway  
  33  3:48  Warp Prism  
  33  4:33  Resonating Glaives (Chrono Boost)  
  33  4:38  Pylon  
  33  4:43  Probe  
  33  4:44  Probe, Gateway  
  33  4:45  Gateway  
  35  4:48  Gateway  
  35  4:49  Immortal  
  35  4:52  Stalker  
  41  4:55  Gateway  
  41  5:02  Nexus  
  41  5:03  Probe x2  
  41  5:04  Gateway  
  43  5:14  Probe  
  43  5:15  Probe, Assimilator  
  45  5:22  Adept  
  47  5:30  Adept  
  47  5:31  Probe  
  47  5:32  Probe  
  51  5:37  Immortal  
  51  5:41  Probe  
  56  5:51  Pylon  
  56  5:54  Probe x2, Pylon  
  58  6:00  Pylon  
  58  6:02  Adept  
  60  6:04  Adept  
  60  6:11  Adept  
  62  6:22  Zealot  
  62  6:23  Zealot x4  
  72  6:52  Nexus  
  72  6:55  Pylon  
  72  6:59  Pylon  
  72  7:24  Stalker x5  
  72  7:25  Stalker  
  84  7:35  Probe  
  84  7:36  Probe  
  86  7:45  Probe  
  86  7:46  Immortal  
  86  7:48  Probe  
  92  7:52  Stalker x5  
  92  7:58  Pylon  
  102  8:01  Pylon  
  102  8:02  Probe  
  102  8:03  Pylon  
  102  8:04  Probe  
  102  8:05  Probe  
  104  8:11  Sentry  
  107  8:16  Probe  
  108  8:45  Adept x2  
  108  8:46  Adept x4